 Dungeon Crawl Stone Soup version 0.25.0-1-g7eea58d (webtiles) character file.

Game seed: 7022146932583669431

257798 Dorkslayer the Brawler (level 19, 0/175 HPs)
             Began as a Troll Fighter on June 28, 2020.
             Was the Champion of Okawaru.
             Slain by a redback (11 damage)
             ... on level 3 of the Spider Nest on June 30, 2020.
             The game lasted 03:56:50 (32151 turns).

Dorkslayer the Brawler (Troll Fighter)             Turns: 32151, Time: 03:56:51

Health: 0/175      AC: 18    Str: 35    XL:     19   Next: 49%
Magic:  0/31       EV: 16    Int:  7    God:    Okawaru [******]
Gold:   1660       SH: 15    Dex: 18    Spells: 18/18 levels left

rFire    + . .     SeeInvis +     - Unarmed
rCold    + . .     Gourm    +   b - +1 kite shield
rNeg     + . .     Faith    +   W - +4 moon troll leather armour {Spirit, Regen++ MP+5}
rPois    +         Spirit   +   q - +0 hat of Geeraddu {rCorr Int+2 SInv}
rElec    .         Reflect  .   K - +2 cloak {rCorr}
rCorr    +         Harm     .   (gloves unavailable)
MR       +....                  (boots unavailable)
Stlth    ++........             y - amulet "Nimaffel" {Faith rPois rC++ SInv}
HPRegen  1.59/turn              V - ring of Nomarur {Fire Dex+4 Slay+5}
MPRegen  0.22/turn              Y - ring of Melee {rN+ Str+6}

@: lethally poisoned (0 -> -1)
A: large, unfitting armour, claws 3, molten scales 1, fast metabolism 3,
gourmand, mutation resistance 1, regeneration 1, shaggy fur 1, tough skin 3
}: 1/15 runes: decaying
a: Heroism, Finesse, Renounce Religion


You were on level 3 of the Spider Nest.
You worshipped Okawaru.
Okawaru was exalted by your worship.
You were very full.

You visited 7 branches of the dungeon, and saw 34 of its levels.
You also visited: Ossuary and Gauntlet.

You collected 4518 gold pieces.
You spent 2858 gold pieces at shops.

Inventory:

Hand Weapons
 g - a +2 scimitar of flaming
 v - the +11 fustibalus of the Whale {vorpal, rC- MR+ Dex+4}
   (Okawaru gifted it to you on level 11 of the Dungeon)

   Any stone fired from it inflicts extra damage.
   It affects your dexterity (+4).
   It makes you vulnerable to cold.
   It affects your resistance to hostile enchantments.
Missiles
 a - 218 sling bullets
 D - 23 silver javelins
 O - 9 javelins (quivered)
Armour
 b - a +1 kite shield (worn)
 q - the +0 hat of Geeraddu (worn) {rCorr Int+2 SInv}
   (You acquired it on level 8 of the Dungeon)

   It affects your intelligence (+2).
   It lets you see invisible.
   It provides partial protection from all sources of acid and corrosion.
 K - a +2 cloak of preservation (worn)
 T - a scarf of repulsion
 W - the +4 moon troll leather armour (worn) {Spirit, Regen++ MP+5}
   (You bought it in a shop on level 1 of the Elven Halls)

   It affects your magic capacity (+5).
   It increases your rate of regeneration.
Jewellery
 o - a +4 ring of evasion
 y - the amulet "Nimaffel" (around neck) {Faith rPois rC++ SInv}
   (You took it off a deep elf high priest on level 3 of the Elven Halls)

   [amulet of faith]

   It allows you to gain divine favour quickly.
   It greatly protects you from cold.
   It protects you from poison.
   It lets you see invisible.
 C - the ring of Qemabuef {+Blink rPois rF- rN+ MR+}
   (You found it on level 9 of the Dungeon)

   [ring of poison resistance]

   It makes you vulnerable to fire.
   It protects you from poison.
   It protects you from negative energy.
   It affects your resistance to hostile enchantments.
   It lets you blink.
 U - the ring of Lust {rElec rCorr Int+8}
   (You found it in a Gauntlet)

   [ring of resist corrosion]

   It affects your intelligence (+8).
   It insulates you from electricity.
   It provides partial protection from all sources of acid and corrosion.
 V - the ring of Nomarur (left claw) {Fire Dex+4 Slay+5}
   (You took it off a deep elf blademaster on level 3 of the Elven Halls)

   [ring of fire]

   It enhances your fire magic.
   It affects your dexterity (+4).
   It affects your accuracy and damage with ranged weapons and melee attacks
   (+5).
   It protects you from fire.
   It makes you vulnerable to cold.
 Y - the ring of Melee (right claw) {rN+ Str+6}
   (You took it off a deep elf mage on level 3 of the Elven Halls)

   [ring of strength]

   It affects your strength (+6).
   It protects you from negative energy.
Wands
 t - a wand of enslavement (22)
 F - a wand of acid (7)
 J - a wand of paralysis (6)
 Q - a wand of flame (22)
 S - a wand of digging (5)
 Z - a wand of iceblast (5)
Scrolls
 f - 7 scrolls of teleportation
 h - 2 scrolls of enchant weapon
 i - 6 scrolls of remove curse
 m - 6 scrolls of enchant armour
 u - 4 scrolls of fog
 z - 5 scrolls of blinking
 L - 3 scrolls of immolation
 M - 2 scrolls of magic mapping
 N - 2 scrolls of holy word
 R - 7 scrolls of identify
Potions
 c - 3 potions of might
 e - 3 potions of invisibility
 k - 2 potions of stabbing
 l - a potion of curing
 n - 2 potions of haste
 s - 2 potions of magic
 w - 3 potions of heal wounds
 A - 3 potions of mutation
 B - a potion of resistance
 E - 4 potions of ambrosia
 H - a potion of flight
 I - 2 potions of cancellation
 P - 2 potions of berserk rage
Miscellaneous
 p - 3 phantom mirrors
 r - a lightning rod (4/4)
 x - a phial of floods
 G - a box of beasts
 X - a tin of tremorstones (2/3)
Comestibles
 d - 44 rations


   Skills:
 * Level 8.2 Fighting
 + Level 2.2 Long Blades
 * Level 8.9(9.1) Slings
 - Level 4.1(8.5) Throwing
 * Level 7.3 Armour
 + Level 9.2 Dodging
 + Level 3.0 Stealth
 * Level 12.6 Shields
 * Level 18.1 Unarmed Combat
 * Level 11.3 Invocations
 * Level 10.0 Evocations


You had 18 spell levels left.
You didn't know any spells.
Your spell library contained the following spells:

 Spells                   Type           Power        Failure   Level  Hunger
 Animate Skeleton         Necr           N/A          45%         1    ##.....
 Apportation              Tloc           #.....       45%         1    ##.....
 Beastly Appendage        Tmut           #.....       45%         1    ##.....
 Corona                   Hex            #......      45%         1    ##.....
 Freeze                   Ice            #...         45%         1    ##.....
 Magic Dart               Conj           #...         45%         1    ##.....
 Pain                     Necr           #...         45%         1    ##.....
 Shock                    Conj/Air       #...         45%         1    ##.....
 Sting                    Tmut/Pois      #...         45%         1    ##.....
 Summon Butterflies       Summ           #.......     45%         1    ##.....
 Summon Small Mammal      Summ           #...         45%         1    ##.....
 Blink                    Tloc           N/A          58%         2    ###....
 Call Imp                 Summ           #.......     58%         2    ###....
 Ensorcelled Hibernation  Hex/Ice        #.....       58%         2    ###....
 Passwall                 Tmut/Erth      #.......     58%         2    ###....
 Poisonous Vapours        Pois/Air       #.....       58%         2    ###....
 Slow                     Hex            #.......     58%         2    ###....
 Sticks to Snakes         Tmut           #.......     58%         2    ###....
 Sublimation of Blood     Necr           #.........   58%         2    ###....
 Swiftness                Chrm/Air       #.......     58%         2    ###....
 Confusing Touch          Hex            #.......     83%         3    ####...
 Conjure Flame            Conj/Fire      #.......     83%         3    ####...
 Dazzling Flash           Conj/Hex       #.....       83%         3    ####...
 Frozen Ramparts          Ice            #.....       83%         3    ####...
 Gell's Gravitas          Tloc           #.........   83%         3    ####...
 Ignite Poison            Fire/Tmut/Pois #.......     83%         3    ####...
 Lesser Beckoning         Tloc           #.........   83%         3    ####...
 Mephitic Cloud           Conj/Pois/Air  #.......     83%         3    ####...
 Ozocubu's Armour         Chrm/Ice       #.......     83%         3    ####...
 Portal Projectile        Hex/Tloc       #.....       83%         3    ####...
 Spider Form              Tmut/Pois      #.........   83%         3    ####...
 Static Discharge         Conj/Air       #.......     83%         3    ####...
 Summon Guardian Golem    Hex/Summ       #.......     83%         3    ####...
 Tukima's Dance           Hex            #.......     83%         3    ####...
 Vampiric Draining        Necr           #.........   83%         3    ####...
 Airstrike                Air            #.........   99%         4    #####..
 Animate Dead             Necr           N/A          99%         4    #####..
 Hailstorm                Conj/Ice       #.......     99%         4    #####..
 Ice Form                 Ice/Tmut       #.......     99%         4    #####..
 Leda's Liquefaction      Hex/Erth       #.........   99%         4    #####..
 Passage of Golubria      Tloc           N/A          99%         4    #####..
 Petrify                  Tmut/Erth      #.......     99%         4    #####..
 Summon Ice Beast         Ice/Summ       #.......     99%         4    #####..
 Agony                    Necr           #.......     100%        5    ######.
 Alistair's Intoxication  Tmut/Pois      #.......     100%        5    ######.
 Blade Hands              Tmut           #.........   100%        5    ######.
 Irradiate                Conj/Tmut      #.........   100%        5    ######.
 Lee's Rapid Deconstruct  Erth           #.........   100%        5    ######.
 Lightning Bolt           Conj/Air       #.........   100%        5    ######.
 Metabolic Englaciation   Hex/Ice        #.........   100%        5    ######.
 Yara's Violent Unravell  Hex/Tmut       #.........   100%        5    ######.
 Darkness                 Hex            #.........   100%        6    #######
 Dispersal                Tloc           #.........   100%        6    #######
 Eringya's Noxious Bog    Tmut/Pois      #.........   100%        6    #######
 Freezing Cloud           Conj/Ice/Air   #.........   100%        6    #######
 Invisibility             Hex            #.......     100%        6    #######
 Malign Gateway           Summ/Tloc      #.........   100%        7    #######
 Ring of Flames           Chrm/Fire      #.........   100%        7    #######


Dungeon Overview and Level Annotations

Branches:
Dungeon (15/15)            Temple (1/1) D:6            Lair (6/6) D:8
  Swamp (4/4) Lair:2       Spider (3/4) Lair:3        Slime (0/5) Lair:6
    Orc (2/2) D:11            Elf (3/3) Orc:2        Vaults (0/5) D:14
 Depths (0/5) D:15        Ossuary (visited)         Gauntlet (visited)

Altars:
Cheibriados
Dithmenos
Elyvilon
Fedhas
Kikubaaqudgha
Makhleb
Nemelex Xobeh
Okawaru
Qazlal
Sif Muna
Trog
Uskayaw
Vehumet
Wu Jian
Xom
Yredelemnul
Zin
The Shining One
Beogh
Jiyva

Shops:
D:9 :   D:10 (   D:13 *   D:15 [   Orc:2 *[=(   Elf:1 ([   Elf:2 *(}   Elf:3 (


Innate Abilities, Weirdness & Mutations

You are too large for most types of armour.
You have claws for hands.
Your metabolism is lightning-fast.
You like to eat raw meat.
Your natural rate of healing is unusually fast.
You are covered in fur. (AC +1)
You have extremely tough skin. (AC +3)
You are partially covered in molten scales. (AC +2)
You are somewhat resistant to further mutation.


Message History

The tarantella closely misses you. The jumping spider barely misses you.
The jumping spider closely misses you. The redback misses you.
The spark wasp bursts into living lightning!
The living lightning misses you.
The spark wasp blinks!
The moth of wrath goads the jumping spider on!
The jumping spider goes berserk!
The tarantella barely misses you. You block the jumping spider's attack.
The jumping spider barely misses you. You block the redback's attack.
You feel sick. The redback bites you!
* * * LOW HITPOINT WARNING * * *
You block the jumping spider's attack. x2
The tarantella bites you but does no damage.
The spark wasp stings you!
* * * LOW HITPOINT WARNING * * *
The spark wasp shocks you!
* * * LOW HITPOINT WARNING * * *
The jumping spider barely misses you.
The jumping spider bites you but does no damage.
The redback bites you!
You die...

**,,,,,**,,,,,,,,,,*,,,,*,,,,^*,,
*,,,,,,,,,..........^#....,,,,,,,
,,,,,,^,.?#.........#....^.,,,,,,
^,,,,,,,....#.............[^.,,,,
,,,*^,,,............^.......#^.^.
^,,,^>*,..<....#..............$#.
*,,,^,^*.....#..^.†........#.....
**^,,,,,.......†#...^............
**,,,,,,,#§....s@y.......^.....#.
,,,,,,,,.......ss....##..##....#.
*,,,,,,,....#.....#..^...$(......
,,,,,,^,........y^.#...........#.
,,,,,,*,...........>..^#.........
,,,,,,,,......#..#......^....†...
,*,,,,,,.............#.......^...
,,,*,*,,....#.....#...........#..
,,,,,,*,........^................


You could see a spark wasp, a moth of wrath, a jumping spider (berserk), a
tarantella (berserk) and a redback (berserk).

Vanquished Creatures
  2 deep elf master archers (Elf:3)
  2 deep elf blademasters
  2 thorn hunters
  Agnes (Elf:1)
  2 storm dragons (Elf:1)
  5 deep elf sorcerers
  A frost giant (D:15)
  Louise (Swamp:2)
  Aizul (Elf:3)
  An orc warlord (Orc:2)
  2 emperor scorpions
  4 deep elf elementalists (Elf:3)
  2 very ugly things (Swamp:4)
  Nessos (D:13)
  9 deep elf demonologists
  5 deep elf annihilators
  A minotaur (Gauntlet)
  6 dire elephants (Lair:6)
  6 deep elf death magi
  Snorg (D:14)
  5 deep elf high priests
  2 fire dragons (Elf:1)
  4 vault guards (D:14)
  26 hydras
  A ghost crab (Swamp:4)
  6 shambling mangroves
  3 catoblepae
  3 centaur warriors
  An anaconda (Lair:6)
  A tengu warrior (D:10)
  12 alligators
  5 two-headed ogres
  30 dancing weapons
  4 death yaks (Lair:6)
  3 orc high priests
  A deep troll earth mage (D:14)
  Urug (Orc:2)
  A spriggan berserker (Swamp:4)
  25 deep elf knights
  Sonja (D:12)
  A large abomination (Elf:3)
  3 skeletal warriors (D:15)
  4 unseen horrors
  3 spriggan druids
  2 wizards (Gauntlet)
  Pikel (D:8)
  57 deep elf magi
  5 swamp dragons
  6 orc knights
  15 deep elf archers
  5 oklob plants
  A necromancer (D:14)
  The ghost of lyrin the Covert, a novice SpSk of Uskayaw (D:7)
  4 orb spiders
  14 ugly things
  4 orc sorcerers
  11 wolf spiders
  5 cyclopes
  2 manticores
  Maurice (D:8)
  A torpor snail (Lair:4)
  5 black mambas
  Joseph (D:8)
  4 elephants (Lair:6)
  2 gargoyles (Gauntlet)
  19 spiny frogs
  2 minotaur zombies (Gauntlet)
  2 kobold demonologists (D:13)
  6 centaur skeletons
  A yaktaur (D:15)
  An efreet (D:14)
  5 demonic crawlers (Spider:1)
  7 komodo dragons
  2 rime drakes
  An ice devil (Gauntlet)
  A tengu conjurer (D:15)
  2 small abominations (Elf:3)
  A queen bee (D:12)
  A troll (shapeshifter) (Elf:1)
  12 trolls
  6 jumping spiders
  9 tyrant leeches
  A polar bear (shapeshifter) (Elf:3)
  A blink frog (shapeshifter) (Elf:1)
  8 bog bodies
  7 hippogriffs
  7 dream sheep (Lair:5)
  32 hornets
  10 slime creatures
  19 blink frogs
  A redback (shapeshifter) (D:14)
  5 shadows
  3 water elementals
  25 redbacks
  9 spriggans
  An air elemental (Elf:2)
  4 wyverns
  11 tarantellas
  41 yaks
  5 basilisks
  A human (shapeshifter) (Elf:1)
  6 fire elementals
  4 hungry ghosts
  21 vampire mosquitoes
  10 insubstantial wisps (Swamp:1)
  20 swamp worms
  5 wargs
  An acid dragon (D:11)
  4 porcupines
  8 water moccasins
  11 swamp drakes
  34 orc warriors
  6 sky beasts
  2 ice beasts
  2 phantoms (D:8)
  A black bear (Lair:3)
  9 wolves
  17 ogres
  4 centaurs
  14 crocodiles
  4 big kobolds
  26 bullfrogs
  A gnoll sergeant (D:5)
  A wyvern zombie (D:9)
  8 earth elementals
  A water moccasin zombie (D:8)
  12 scorpions
  2 water moccasin skeletons (D:7)
  13 killer bees
  3 wights (D:11)
  7 electric eels
  13 howler monkeys
  5 crimson imps
  A quasit (D:13)
  7 centaur zombies
  5 human zombies (Ossuary)
  18 orc wizards
  A bullfrog skeleton (D:9)
  11 orc priests
  11 hounds
  4 iguanas
  6 worker ants
  A big kobold zombie (Ossuary)
  2 hound skeletons
  2 worker ant zombies
  3 mummies (Ossuary)
  A howler monkey skeleton (D:9)
  13 adders
  15 gnolls
  6 scorpion zombies (Ossuary)
  6 shadow imps
  4 white imps (Gauntlet)
  2 oozes
  3 worms
  2 dart slugs
  9 leopard geckos
  63 orcs
  7 bats
  3 giant cockroaches
  5 hobgoblins
  7 jackals
  30 kobolds
  6 quokkas
  A ball python (D:2)
  2 frilled lizards
  A gnoll zombie (Ossuary)
  4 goblins
  A hobgoblin zombie (Ossuary)
  2 kobold zombies (Ossuary)
  An orc zombie (Ossuary)
  A quokka zombie (D:7)
  4 rats
  2 briar patches (Swamp:2)
  2 crawling corpses (Elf:3)
  24 fungi
  21 plants
1212 creatures vanquished.

Vanquished Creatures (collateral kills)
  2 jumping spiders (Spider:2)
  A crawling corpse (Elf:3)
3 creatures vanquished.

Vanquished Creatures (others)
  Nikola (Elf:1)
  A spriggan berserker (Swamp:4)
  A spriggan druid (Swamp:4)
  A yaktaur (D:14)
  A spriggan (Swamp:4)
  A swamp drake (Swamp:4)
  2 orcs (D:14)
  A kobold (D:9)
  A briar patch (Swamp:2)
  10 fungi
  6 plants
26 creatures vanquished.

Grand Total: 1241 creatures vanquished

Notes
Turn   | Place    | Note
-------+----------+-------------------------------------------
     0 | D:1      | Dorkslayer the Troll Fighter began the quest for the Orb.
     0 | D:1      | Reached XP level 1. HP: 22/22 MP: 0/0
   126 | D:1      | Reached XP level 2. HP: 29/29 MP: 1/1
   478 | D:1      | Reached XP level 3. HP: 36/36 MP: 2/2
   735 | D:2      | Found a snail-covered altar of Cheibriados.
  1281 | D:3      | Reached XP level 4. HP: 32/44 MP: 3/3
  1295 | D:3      | Reached skill level 3 in Unarmed Combat
  1425 | D:3      | Reached XP level 5. HP: 45/50 MP: 4/4
  1651 | D:3      | Found a faded altar of an unknown god.
  1714 | D:3      | Reached skill level 1 in Evocations
  2283 | D:4      | Noticed an ogre
  2290 | D:4      | Killed an ogre
  2290 | D:4      | Reached skill level 4 in Unarmed Combat
  2290 | D:4      | Reached XP level 6. HP: 35/59 MP: 6/6
  2768 | D:5      | Entered Level 5 of the Dungeon
  2833 | D:5      | Reached skill level 1 in Throwing
  2846 | D:5      | Reached XP level 7. HP: 47/66 MP: 7/7
  3254 | D:5      | Reached skill level 5 in Unarmed Combat
  3618 | D:6      | Found a staircase to the Ecumenical Temple.
  3672 | Temple   | Entered the Ecumenical Temple
  3750 | Temple   | Became a worshipper of Warmaster Okawaru
  3999 | D:6      | Reached skill level 1 in Stealth
  4025 | D:6      | Reached XP level 8. HP: 75/75 MP: 9/9
  4067 | D:6      | Reached skill level 6 in Unarmed Combat
  4112 | D:6      | Reached skill level 1 in Invocations
  4229 | D:7      | Reached * piety under Okawaru
  4293 | D:7      | Found a sand-covered staircase.
  4329 | Ossuary  | Entered an ossuary
  4411 | Ossuary  | Reached XP level 9. HP: 83/83 MP: 10/10
  4569 | Ossuary  | Reached ** piety under Okawaru
  4632 | Ossuary  | Reached skill level 7 in Unarmed Combat
  4670 | Ossuary  | Reached skill level 5 in Shields
  4953 | D:7      | Found a runed translucent door.
  4953 | D:7      | Noticed lyrin's ghost (novice SpSk)
  4958 | D:7      | Reached skill level 5 in Dodging
  4958 | D:7      | Reached skill level 8 in Unarmed Combat
  4958 | D:7      | Reached skill level 5 in Invocations
  4958 | D:7      | Reached skill level 5 in Evocations
  4958 | D:7      | Reached XP level 10. HP: 94/94 MP: 10/13
  4959 | D:7      | Reached skill level 5 in Fighting
  4959 | D:7      | Reached XP level 11. HP: 102/102 MP: 10/15
  4976 | D:7      | Killed lyrin's ghost
  5088 | D:7      | Reached skill level 9 in Unarmed Combat
  5105 | D:7      | Reached *** piety under Okawaru
  5647 | D:8      | Noticed Joseph
  5654 | D:8      | Killed Joseph
  5694 | D:8      | Noticed Maurice
  5718 | D:8      | Killed Maurice
  5736 | D:8      | Found a staircase to the Lair.
  5903 | D:8      | Identified a scroll of acquirement
  5906 | D:8      | Got the +0 hat of Geeraddu {rCorr Int+2 SInv}
  6242 | Lair:1   | Entered Level 1 of the Lair of Beasts
  6450 | Lair:1   | Reached **** piety under Okawaru
  6460 | Lair:1   | Reached XP level 12. HP: 109/111 MP: 16/16
  7086 | Lair:2   | Noticed a four-headed hydra
  7093 | Lair:2   | Killed a five-headed hydra
  7206 | D:9      | Reached skill level 10 in Unarmed Combat
  7288 | D:9      | Reached ***** piety under Okawaru
  7324 | D:9      | Got a vibrating ivory ring
  7326 | D:9      | Identified the ring of Qemabuef {+Blink rPois rF- rN+ MR+}
                  | (You found it on level 9 of the Dungeon)
  7624 | D:9      | Found Teyttu's Book Shop.
  7697 | D:8      | Noticed Pikel
  7707 | D:8      | Killed Pikel
  7886 | D:9      | Gained mutation: You are partially covered in molten
                  | scales. (AC +2) [potion of mutation]
  7886 | D:9      | Gained mutation: You are somewhat resistant to further
                  | mutation. [potion of mutation]
  7951 | D:10     | Entered Level 10 of the Dungeon
  8213 | D:10     | Noticed a tengu warrior
  8219 | D:10     | Killed a tengu warrior
  8623 | D:10     | Found Viuxkerr's Antique Weapon Shoppe.
  8937 | D:11     | Received a gift from Okawaru
  8938 | D:11     | Got a crude fustibalus {god gift}
  8946 | D:11     | Identified the +11 fustibalus of the Whale {vorpal, rC- MR+
                  | Dex+4} (Okawaru gifted it to you on level 11 of the
                  | Dungeon)
  9040 | D:11     | Found a staircase to the Orcish Mines.
  9329 | D:11     | Noticed a five-headed hydra
  9335 | D:11     | Killed a five-headed hydra
  9691 | D:12     | Reached skill level 11 in Unarmed Combat
  9749 | D:12     | Reached skill level 1 in Slings
  9884 | D:12     | Reached XP level 13. HP: 119/119 MP: 18/18
 10281 | D:12     | Noticed Sonja
 10290 | D:12     | Killed Sonja
 10812 | D:13     | Found Haruh's Assorted Antiques.
 10829 | D:13     | Bought a scroll of enchant armour for 165 gold pieces
 10829 | D:13     | Bought a scroll labeled TUSEIH HADU for 22 gold pieces
 10995 | D:13     | Found a shadowy altar of Dithmenos.
 11056 | D:13     | Noticed Nessos
 11063 | D:13     | Killed Nessos
 11456 | D:13     | Received a gift from Okawaru
 11637 | D:13     | Reached ****** piety under Okawaru
 11952 | D:14     | Received a gift from Okawaru
 12341 | D:14     | Found a gate to the Vaults.
 12345 | D:14     | Reached skill level 12 in Unarmed Combat
 12437 | D:14     | Noticed Snorg
 12464 | D:14     | Killed Snorg
 12481 | D:14     | Received a gift from Okawaru
 12481 | D:14     | Reached XP level 14. HP: 105/128 MP: 14/19
 13066 | D:15     | Entered Level 15 of the Dungeon
 13096 | D:15     | Found Vama's Antique Armour Emporium.
 13170 | D:15     | Found a gate leading to a gauntlet.
 13176 | Gauntlet | Entered a Gauntlet
 13176 | Gauntlet | Found a transporter.
 13185 | Gauntlet | Found a transporter.
 13200 | Gauntlet | Found a transporter.
 13215 | Gauntlet | Found a transporter.
 13230 | Gauntlet | Found a transporter.
 13249 | Gauntlet | Found a transporter.
 13277 | Gauntlet | Found a transporter.
 13277 | Gauntlet | Noticed an entropy weaver
 13289 | Gauntlet | Found a transporter.
 13301 | Gauntlet | Found a transporter.
 13313 | Gauntlet | Found a transporter.
 13332 | Gauntlet | Found a transporter.
 13347 | Gauntlet | Found a transporter.
 13349 | Gauntlet | Found a transporter.
 13460 | Gauntlet | Found a transporter.
 13462 | Gauntlet | Found a transporter.
 13464 | Gauntlet | Found a transporter.
 13522 | Gauntlet | Found a transporter.
 13524 | Gauntlet | Found a transporter.
 13558 | Gauntlet | Reached skill level 5 in Slings
 13669 | Gauntlet | Received a gift from Okawaru
 13707 | Gauntlet | Got a wavering silver ring
 13709 | Gauntlet | Identified the ring of Lust {rElec rCorr Int+8} (You found
                  | it in a Gauntlet)
 13826 | Gauntlet | Identified the +8 short sword of Departure {freeze, *Drain
                  | rC++ Dex+2 Stlth+}
 13953 | D:15     | Reached skill level 13 in Unarmed Combat
 14168 | D:15     | Bought a faintly glowing robe for 159 gold pieces
 14178 | D:15     | Identified the +3 robe of Ylalyto {rC- Int+8} (You bought
                  | it in a shop on level 15 of the Dungeon)
 14252 | D:15     | Found a staircase to the Depths.
 14252 | D:15     | Noticed a frost giant
 14264 | D:15     | Killed a frost giant
 14912 | D:15     | Got a dazzling spear
 14913 | D:15     | Identified the +7 spear of Impermanence {vorpal, Int+4
                  | Dex+4 Stlth+} (You found it on level 15 of the Dungeon)
 15004 | D:15     | Received a gift from Okawaru
 16188 | Lair:2   | Found a staircase to the Swamp.
 16398 | Lair:3   | Got a bound platinum ring
 16400 | Lair:3   | Identified the ring "Zoafaz" {MP+9 Str+2} (You found it on
                  | level 3 of the Lair of Beasts)
 16555 | Lair:3   | Found a hole to the Spider Nest.
 16614 | Lair:3   | Reached XP level 15. HP: 136/136 MP: 20/20
 17282 | Lair:4   | Reached skill level 14 in Unarmed Combat
 18045 | Lair:5   | Reached skill level 1 in Long Blades
 18509 | Lair:6   | Entered Level 6 of the Lair of Beasts
 18821 | Lair:6   | Found a staircase to the Slime Pits.
 18821 | Lair:6   | Found a viscous altar of Jiyva.
 18845 | Lair:6   | Reached skill level 10 in Shields
 19201 | Lair:6   | Received a gift from Okawaru
 19803 | Lair:6   | Received a gift from Okawaru
 20255 | Orc:1    | Entered Level 1 of the Orcish Mines
 20731 | Orc:2    | Entered Level 2 of the Orcish Mines
 20731 | Orc:2    | Found Citwyeng's General Store.
 20820 | Orc:2    | Found a roughly hewn altar of Beogh.
 20866 | Orc:2    | Found Etuegram's Jewellery Boutique.
 21009 | Orc:2    | Found Veink's Antique Armour Shop.
 21009 | Orc:2    | Noticed an orc warlord
 21037 | Orc:2    | Killed an orc warlord
 21288 | Orc:2    | Bought a potion of might for 48 gold pieces
 21572 | Orc:2    | Reached XP level 16. HP: 146/146 MP: 21/21
 21598 | Orc:2    | Found Maabbiorgh's Antique Weapon Shoppe.
 21617 | Orc:2    | Found a staircase to the Elven Halls.
 21756 | Orc:2    | Noticed Urug
 21767 | Orc:2    | Killed Urug
 22021 | Elf:1    | Entered Level 1 of the Elven Halls
 22099 | Elf:1    | Received a gift from Okawaru
 22100 | Elf:1    | Got a blackened hat {god gift}
 22260 | Orc:2    | Identified the +0 hat "Esisass" {Dex+4} (Okawaru gifted it
                  | to you on level 1 of the Elven Halls)
 22323 | Elf:1    | Found a radiant altar of Vehumet.
 22453 | Elf:1    | Reached skill level 15 in Unarmed Combat
 22492 | Elf:1    | Noticed Agnes
 22511 | Elf:1    | Killed Agnes
 22545 | Elf:1    | Reached skill level 5 in Armour
 22788 | Elf:1    | Identified the +2 robe "Petypnok" {Str+2}
 22851 | Elf:1    | Noticed Nikola
 23076 | Elf:1    | Killed Nikola
 23267 | Elf:1    | HP: 2/146 [deep elf high priest/exploding inner flame[the
                  | player character] (36)]
 23529 | Elf:1    | Found a runed translucent gate.
 23529 | Elf:1    | Found a runed translucent gate.
 23529 | Elf:1    | Found a runed translucent gate.
 23529 | Elf:1    | Found a runed translucent gate.
 23529 | Elf:1    | Found a runed translucent gate.
 23530 | Elf:1    | Found a runed translucent gate.
 23533 | Elf:1    | Noticed a storm dragon
 23533 | Elf:1    | Noticed a storm dragon
 23565 | Elf:1    | Killed a storm dragon
 23578 | Elf:1    | Killed a storm dragon
 23630 | Elf:1    | Reached skill level 10 in Invocations
 23687 | Elf:1    | Found Bokusch's Antique Weapon Shoppe.
 23693 | Elf:1    | Found Nuraudukk's Armour Shoppe.
 23702 | Elf:1    | Bought the +4 moon troll leather armour {Spirit, Regen++
                  | MP+5} for 817 gold pieces
 23702 | Elf:1    | Found the +4 moon troll leather armour {Spirit, Regen++
                  | MP+5}
 23888 | Elf:2    | Found Bapsaguo's Weapon Shoppe.
 23911 | Elf:2    | Found Hadd's Assorted Antiques.
 23925 | Elf:2    | Bought a scroll of identify for 44 gold pieces
 23925 | Elf:2    | Bought a scroll of identify for 44 gold pieces
 23925 | Elf:2    | Bought a coral ring for 110 gold pieces
 23925 | Elf:2    | Bought a fuming purple potion for 19 gold pieces
 23925 | Elf:2    | Bought a potion of heal wounds for 110 gold pieces
 23955 | Elf:2    | Found a huge runed translucent gate.
 23955 | Elf:2    | Found a huge runed translucent gate.
 23958 | Elf:2    | Found a huge runed translucent gate.
 23970 | Elf:2    | Found a huge runed translucent gate.
 23970 | Elf:2    | Found a huge runed translucent gate.
 24442 | Elf:2    | Found Lecw's Gadget Boutique.
 24473 | Elf:2    | Reached XP level 17. HP: 146/154 MP: 23/23
 24498 | Elf:2    | Bought a tin of tremorstones (3/3) for 480 gold pieces
 24498 | Elf:2    | Bought a wand of iceblast (6) for 120 gold pieces
 24498 | Elf:2    | Bought a wand of iceblast (7) for 132 gold pieces
 24498 | Elf:2    | Bought a wand of digging (6) for 240 gold pieces
 24507 | Elf:2    | Bought a box of beasts for 240 gold pieces
 24643 | Elf:3    | Entered Level 3 of the Elven Halls
 24750 | Elf:3    | Received a gift from Okawaru
 24761 | Elf:3    | Got a smouldering dire flail
 24767 | Elf:3    | Identified the cursed +2 dire flail "Garghusk" {antimagic,
                  | rF+ rC+++ Str+3 Dex-5} (You found it on level 3 of the
                  | Elven Halls)
 24890 | Elf:3    | Received a gift from Okawaru
 24897 | Elf:3    | Identified the amulet "Nimaffel" {Faith rPois rC++ SInv}
 24935 | Elf:3    | Noticed a deep elf blademaster
 24973 | Elf:2    | Killed a deep elf blademaster
 24973 | Elf:2    | Reached skill level 16 in Unarmed Combat
 25126 | Elf:3    | Noticed a Hell Sentinel
 25130 | Elf:3    | Identified the ring of Nomarur {Fire Dex+4 Slay+5}
 25130 | Elf:3    | Noticed a deep elf blademaster
 25130 | Elf:3    | Noticed a deep elf master archer
 25131 | Elf:3    | Identified the cursed +2 battleaxe of Wyrd {vamp, +Blink
                  | rC+ Str+3 Int-5}
 25136 | Elf:3    | Was placed under penance by Okawaru
 25142 | Elf:3    | Killed a deep elf blademaster
 25144 | Elf:3    | Killed a deep elf master archer
 25152 | Elf:3    | Was forgiven by Okawaru
 25153 | Elf:3    | Identified the amulet "Ysekkuchee" {Faith *Slow Slay+3
                  | Stlth+}
 25169 | Elf:3    | Got a fabulously ornate robe {god gift}
 25174 | Elf:3    | Noticed a deep elf master archer
 25183 | Elf:3    | Killed a deep elf master archer
 25183 | Elf:3    | Received a gift from Okawaru
 25445 | Elf:3    | Found Isann's Antique Weapon Boutique.
 25475 | Elf:3    | Received a gift from Okawaru
 25587 | Elf:3    | Identified the +1 robe "Loetint" {rElec Str+5 Dex-3}
                  | (Okawaru gifted it to you on level 3 of the Elven Halls)
 26008 | Elf:3    | Reached XP level 18. HP: 165/165 MP: 24/24
 26042 | Elf:3    | Got a vibrating ivory amulet
 26043 | Elf:3    | Identified the amulet "Pohoacs" {Inacc SInv} (You found it
                  | on level 3 of the Elven Halls)
 26055 | Elf:3    | Identified the +8 spear of Wyrgh {vorpal, rF+}
 26057 | Elf:3    | Identified Sif Muna's Handbook of Poisonous Malediction
 26070 | Elf:3    | Identified Edead's Grimoire of Contamination and
                  | Displacement
 26077 | Elf:3    | Identified the Almanac of Rubbish
 26131 | Elf:3    | Identified the +3 plate armour of Tender Moments {*Corrode
                  | Regen+ Int+4} (You found it on level 3 of the Elven Halls)
 26242 | Elf:3    | Identified the ring of Melee {rN+ Str+6}
 26387 | Elf:3    | Noticed Aizul
 26401 | Elf:3    | Killed Aizul
 26529 | Elf:2    | Reached skill level 17 in Unarmed Combat
 26718 | Elf:2    | Received a gift from Okawaru
 26787 | Elf:2    | Received a gift from Okawaru
 27008 | Elf:2    | Bought a wand of flame (16) for 108 gold pieces
 27398 | Swamp:1  | Entered Level 1 of the Swamp
 28932 | Swamp:3  | Noticed Louise
 28946 | Swamp:2  | Killed Louise
 28960 | Swamp:3  | Found a blossoming altar of Fedhas.
 29195 | Swamp:3  | Received a gift from Okawaru
 29632 | Swamp:4  | Entered Level 4 of the Swamp
 30077 | Swamp:4  | Reached XP level 19. HP: 120/174 MP: 19/26
 30098 | Swamp:4  | Received a gift from Okawaru
 30285 | Swamp:4  | Got a decaying rune of Zot
 30294 | Swamp:4  | Paralysed by a hornet for 3 turns
 30999 | Spider:1 | Entered Level 1 of the Spider Nest
 31332 | Spider:1 | Reached skill level 18 in Unarmed Combat
 31958 | Spider:2 | You fall into a shaft and drop 1 floor!
 32141 | Spider:3 | Reached skill level 10 in Evocations
 32145 | Spider:3 | Received a gift from Okawaru
 32151 | Spider:3 | Slain by a redback

Illustrated notes

Levels and vault maps discovered:
D:1:      minmay_arrival_up_and_down, layout_basic, minmay_pentomino_t4
D:2:      layout_basic, kennysheep_slug_shrine
D:3:      layout_basic, first_ration, chequers_ecumenical_altar_twisty,
          cheibrodos_gnoll_hut
D:4:      layout_gridville
D:5:      layout_loops_ring
D:6:      layout_basic, minmay_temple_entry_metal_lava, nzn_random_ring
D:7:      layout_cave_pools, nicolae_ossuary_entry_false_entrances,
          gammafunk_ghost_grave
D:8:      layout_basic, david_lair_shrubbed, uniq_maurice, uniq_joseph,
          uniq_pikel
D:9:      layout_basic, serial_shops, nicolae_shop_crystal
D:10:     layout_stronghold, serial_shops, shop, grunt_tengu_nest
D:11:     layout_loops_corners, orc_0_dummy
D:12:     layout_loops_ring, nicolae_looking_at_the_future, uniq_sonja
D:13:     wad_lake_hut, layout_basic, serial_shops, shop,
          grunt_dithmenos_smoke_and_mirrors, uniq_nessos
D:14:     layout_roguey, lightli_vaults_fourway_checkpoint, chequers_avenue,
          onia_ninara_dug_in_and_dangerous, uniq_snorg
D:15:     grunt_enter_depths_snipers, layout_loops_cross,
          minmay_misc_feat_roman, serial_shops, nicolae_shop_crystal,
          gauntlet_entry_generic, minmay_strange_pillars,
          chequers_serial_rivers_micro_a, hangedman_cracks_in_the_wall
Temple:   minmay_crystal_snake_temple
Lair:1:   layout_loops_ring, infiniplex_staircase_pool_2
Lair:2:   dpeg_oklob_gauntlet, layout_regular_city, swamp_mist, serial_bayou,
          serial_bayou_shore_a, serial_bayou_shore_b, serial_bayou_pond_b,
          serial_bayou_crossing, serial_bayou_pond_b
Lair:3:   layout_roguey, spider_nest_entry_webs, lemuel_fruit_fields,
          grunt_megastairs_3, minmay_lair_oklob_chamber
Lair:4:   layout_cave_shapes
Lair:5:   layout_cave_pods, patterned_corridor, serial_bayou_shore_b
Lair:6:   due_jungle_book, layout_long_grid, slime_altar_1, lemuel_old_faithful
Swamp:1:  layout_falls_marsh, nicolae_swamp_very_dense_foliage, swamp_pool1
Swamp:2:  layout_falls_marsh, evilmike_swamp_ruin_house_1
Swamp:3:  layout_basic_swamp, lemuel_altar_in_water, swamp_pool1, uniq_louise
Swamp:4:  swamp_basic_johnstein, layout_basic_swamp
Spider:1: layout_spider_delve, drop_trap
Spider:2: layout_spider_delve, special_room, hangedman_spider_mandibles,
          drop_trap, nicolae_spider_circle_web
Spider:3: layout_spider_delve
Orc:1:    layout_caves
Orc:2:    grunt_orc_gardens, layout_caves, grunt_orc_garden, grunt_orc_garden,
          grunt_orc_garden, grunt_orc_garden, basic_altar, uniq_urug
Elf:1:    eino_elf_arrival_shootout, layout_loops_ring, basic_altar,
          orc_legates, serial_sigils_hangedman_gut, minmay_shop_star,
          uniq_agnes, uniq_nikola
Elf:2:    layout_rooms, serial_sigils, serial_sigils_hangedman_gut,
          serial_sigils_hangedman_scratch, serial_sigils_hangedman_etch,
          serial_sigils_hangedman_snap, serial_sigils_hangedman_quiver,
          serial_shops, shop, shop, shop
Elf:3:    grunt_elf_hall_spiral, layout_gridlike, serial_shops,
          nicolae_shop_window_shopping, grunt_ministairs_10,
          corexii_leaking_fountain, lemuel_flamethrower_3, uniq_aizul

Skill      XL: |  1  2  3  4  5  6  7  8  9 10 11 12 13 14 15 16 17 18 19 |
---------------+----------------------------------------------------------+-----
Dodging        | 3 5 6 7 8 9 |  9.2
Unarmed Combat | 3 4 5 6 8 9 11 12 13 14 15 16 17 18 | 18.1
Shields        | 3 4 6 7 8 9 10 11 12 | 12.6
Evocations     | 1 2 3 5 6 7 8 9 10 | 10.0
Throwing       | 1 2 3 4 |  4.1
Fighting       | 3 4 5 6 7 8 |  8.2
Stealth        | 1 2 3 |  3.0
Invocations    | 2 5 7 8 9 10 11 | 11.3
Armour         | 2 3 4 5 6 7 |  7.3
Slings         | 1 4 6 7 8 |  8.9
Long Blades    | 1 2 |  2.2

Action                   |  1- 3 |  4- 6 |  7- 9 | 10-12 | 13-15 | 16-18 | 19-21 || total
-------------------------+-------+-------+-------+-------+-------+-------+-------++-------
Melee: Unarmed           |   115 |    82 |   305 |   565 |  1569 |  1133 |   288 ||  4057
       Scimitar          |       |       |       |       |    30 |    30 |    58 ||   118
 Fire: Fustibalus        |       |       |       |    17 |   165 |    26 |       ||   208
Throw: Dart              |     5 |     7 |    27 |     2 |     8 |     7 |       ||    56
       Throwing net      |       |       |     1 |       |       |     1 |       ||     2
       Boomerang         |       |       |       |    22 |       |       |       ||    22
       Javelin           |       |       |       |     8 |     5 |    72 |     4 ||    89
Invok: Heroism           |       |       |       |     1 |    14 |    17 |     1 ||    33
       Finesse           |       |       |       |       |     5 |     8 |     1 ||    14
Evoke: Wand              |       |       |     2 |    18 |    16 |    26 |     3 ||    65
       Lightning rod     |       |       |       |       |       |     7 |       ||     7
       Tin of tremorston |       |       |       |       |       |     6 |     1 ||     7
       Box of beasts     |       |       |       |       |       |     1 |     1 ||     2
       Phial of floods   |       |       |       |       |       |     1 |       ||     1
  Use: Scroll            |     3 |     3 |     9 |    15 |     8 |    15 |     5 ||    58
       Potion            |       |       |     2 |     2 |     8 |    15 |     1 ||    28
 Stab: Sleeping          |       |       |     3 |     5 |    11 |     7 |       ||    26
       Paralysed         |       |       |       |       |     1 |     1 |       ||     2
       Distracted        |       |       |       |       |       |     2 |       ||     2
       Invisible         |       |       |       |       |       |     1 |       ||     1
       Confused          |       |       |       |       |       |     1 |     1 ||     2
  Eat: Chunk             |    16 |     4 |    20 |    52 |    88 |    77 |    16 ||   273
       Ration            |       |     1 |     1 |     1 |     6 |     1 |     1 ||    11
Armor: Robe              |    38 |    12 |    22 |    68 |    48 |       |       ||   188
       Troll leather arm |       |       |       |       |    42 |   218 |   177 ||   437
       Shadow dragon sca |       |       |       |       |   219 |    42 |       ||   261
Dodge: Dodged            |    31 |    33 |    96 |   174 |   480 |   396 |   253 ||  1463
Block: Kite shield       |    51 |    33 |   190 |   382 |  1105 |   739 |   341 ||  2841
       Reflection        |       |       |     5 |     8 |    27 |    36 |       ||    76
       Rpst.: Scimitar   |       |       |       |       |     1 |     4 |     5 ||    10
